Map: Hard Lead LE

Players

Dark - Winner!

  • Race: Zerg Zerg
  • Spawn Location: 5:00

Future

  • Race: Terran Terran
  • League: Grandmaster
  • Spawn Location: 11:00

VOD

Have the link to the VOD?

Description

Time

  • Played on: Oct. 23, 2023, 8:57 p.m.
  • Length: 10:27
Show
View Real Time Build Order
Export as new Build Order

Dark Zerg - Winner!

Build Orders: Hatch First 

Get SALT Encoding   

  12  0:00  Drone  
  13  0:12  Overlord  
  13  0:17  Drone  
  14  0:31  Drone x2  
  16  0:47  Drone x2  
  18  0:58  Drone  
  19  1:04  Hatchery  
  19  1:08  Drone  
  19  1:11  Extractor  
  18  1:19  Spawning Pool  
  18  1:23  Drone  
  18  1:31  Drone  
  19  1:42  Drone  
  20  2:07  Queen, Hatchery  
  21  2:09  Zergling x2  
  21  2:11  Metabolic Boost  
  22  2:16  Zergling x2  
  22  2:21  Queen  
  25  2:29  Zergling x2  
  26  2:30  Zergling x2  
  26  2:35  Overlord  
  27  2:39  Drone  
  28  2:53  Drone x2  
  28  2:55  Drone x2  
  32  3:00  Queen  
  34  3:06  Drone  
  34  3:07  Drone  
  36  3:21  Drone x4  
  39  3:27  Drone  
  39  3:32  Drone x2  
  41  3:39  Overlord  
  41  3:48  Queen, Evolution Chamber  
  41  3:51  Overlord  
  41  3:53  Overlord  
  42  3:57  Queen  
  42  3:59  Drone x3  
  42  4:00  Drone  
  48  4:05  Drone x2  
  50  4:10  Drone x4  
  54  4:17  Zerg Ground Armor Level 1  
  54  4:20  Queen  
  54  4:21  Drone  
  54  4:23  Drone  
  58  4:28  Zergling x4  
  58  4:29  Drone x2  
  62  4:32  Overlord  
  62  4:35  Drone x3  
  65  4:48  Overlord  
  65  4:49  Queen x2  
  65  4:50  Overlord  
  65  4:51  Drone x2  
  71  4:53  Drone x2  
  71  4:54  Drone  
  71  4:59  Overlord  
  74  5:02  Overlord  
  74  5:03  Extractor  
  74  5:04  Drone  
  74  5:10  Zergling x14  
  80  5:18  Zergling x8, Baneling Nest  
  82  5:24  Zergling x6  
  82  5:27  Lair  
  85  5:31  Extractor  
  85  5:33  Zergling x8  
  88  5:40  Zergling x10  
  92  5:45  Zergling x2  
  92  5:49  Queen x2  
  97  6:02  Overlord x2  
  95  6:05  Overlord  
  95  6:07  Drone x2  
  95  6:11  Hatchery  
  96  6:12  Evolution Chamber, Hatchery  
  96  6:15  Drone x3  
  96  6:16  Overlord  
  96  6:17  Extractor  
  96  6:20  Drone x3  
  97  6:26  Centrifugal Hooks  
  97  6:29  Zerg Ground Armor Level 2  
  97  6:35  Drone x3  
  97  6:36  Drone  
  101  6:41  Zerg Melee Weapons Level 1  
  101  6:42  Drone  
  101  6:43  Drone x2, Spore Crawler  
  101  6:46  Drone  
  101  6:47  Drone x3  
  101  6:50  Zergling x2  
  94  6:55  Zergling x2  
  94  6:56  Zergling x2  
  94  7:01  Zergling x2  
  97  7:08  Zergling x8  
  99  7:09  Baneling x2  
  99  7:11  Zergling x10, Hatchery  
  99  7:15  Zergling x6  
  108  7:18  Baneling x4  
  105  7:23  Zergling x4  
  105  7:26  Zergling x6  
  105  7:36  Zergling x10, Infestation Pit  
  109  7:44  Zergling x2  
  109  7:45  Zergling x6  
  109  7:47  Hatchery  
  112  7:51  Zergling x2  
  112  7:55  Drone x3  
  115  7:59  Zergling x8  
  115  8:00  Spore Crawler  
  115  8:04  Baneling x4  
  121  8:09  Zergling x8  
  121  8:11  Baneling x6  
  122  8:13  Zergling x6  
  122  8:16  Hive, Queen  
  122  8:17  Queen  
  122  8:18  Zergling x4  
  128  8:28  Zergling x16  
  134  8:42  Drone x2, Hatchery  
  134  8:44  Overlord x2  
  135  8:49  Overlord  
  135  8:51  Baneling x5  
  135  8:55  Overlord  
  135  8:57  Overlord  
  135  8:59  Drone x5  
  140  9:09  Zergling x28  
  155  9:10  Zergling x2  
  140  9:27  Zergling x22  
  140  9:28  Zergling x10  
  144  9:32  Zergling x4  
  144  9:36  Viper x2  
  152  9:41  Baneling  
  148  9:51  Zergling x20  
  137  9:57  Zergling x8  
  135  10:00  Baneling x9  
Show
View Real Time Build Order
Export as new Build Order

Future Terran 

Build Orders: Reaper Expand 

Get SALT Encoding   

  12  0:00  SCV  
  13  0:12  SCV  
  14  0:18  Supply Depot  
  14  0:24  SCV  
  15  0:38  Engineering Bay  
  15  0:40  SCV  
  16  0:50  Barracks  
  16  0:57  Refinery  
  16  1:00  SCV  
  17  1:12  SCV  
  18  1:24  SCV  
  19  1:37  Orbital Command  
  19  1:40  Reaper  
  20  1:50  Command Center  
  20  2:00  Barracks  
  20  2:03  SCV  
  21  2:13  Marine  
  21  2:15  Supply Depot  
  22  2:17  SCV  
  23  2:30  Factory  
  23  2:35  Barracks Reactor  
  23  2:36  SCV  
  24  2:45  Refinery  
  24  2:48  SCV  
  24  2:49  Barracks Tech Lab  
  25  3:00  SCV  
  25  3:05  Orbital Command  
  26  3:08  Marine  
  27  3:12  SCV  
  27  3:13  Marine x2  
  29  3:23  Stimpack  
  29  3:25  SCV  
  30  3:31  Marine  
  30  3:32  Marine x2  
  31  3:35  SCV  
  31  3:37  SCV  
  33  3:42  Starport  
  33  3:50  Marine x2  
  33  3:51  Factory Reactor  
  33  3:52  SCV  
  33  3:53  SCV  
  36  3:58  Marine, Supply Depot  
  37  4:04  SCV  
  37  4:06  SCV  
  37  4:08  Marine x2  
  41  4:16  SCV, Marine  
  43  4:18  SCV, Supply Depot  
  44  4:24  Supply Depot  
  44  4:26  Marine x2  
  44  4:28  SCV  
  44  4:30  SCV  
  48  4:32  Medivac  
  48  4:34  Marine, Medivac  
  53  4:41  SCV  
  53  4:42  SCV  
  53  4:44  Marine x2  
  57  4:45  Factory Tech Lab  
  57  4:49  Supply Depot  
  57  4:52  Marine  
  58  4:55  SCV x2  
  60  5:02  Engineering Bay  
  60  5:03  Refinery  
  60  5:07  Barracks  
  60  5:08  Siege Tank  
  60  5:11  Supply Depot  
  60  5:13  SCV x2  
  65  5:21  Marine  
  65  5:23  Marine  
  65  5:24  Marine  
  65  5:26  SCV x2  
  65  5:27  Combat Shield  
  70  5:33  Terran Infantry Weapons Level 1, Supply Depot  
  70  5:38  SCV x2  
  70  5:41  Marine x3  
  75  5:45  Siege Tank  
  78  5:53  Supply Depot  
  77  6:03  Marine  
  77  6:04  Marine x4  
  78  6:06  Medivac  
  78  6:09  Supply Depot  
  78  6:10  SCV  
  78  6:11  SCV  
  86  6:16  Supply Depot  
  86  6:17  Refinery  
  86  6:23  Marine x2  
  86  6:24  Marine x3  
  82  6:29  Siege Tank  
  85  6:37  Starport Reactor  
  85  6:41  Marine x3  
  85  6:46  Marine  
  87  6:47  Marine  
  81  6:59  Marine x3  
  84  7:01  Siege Tank  
  84  7:04  Marine  
  84  7:05  Marine  
  88  7:14  Medivac x2  
  92  7:16  Marine  
  92  7:17  Marine x2  
  92  7:22  Marine  
  94  7:23  Marine  
  94  7:27  Terran Infantry Armor Level 1  
  95  7:33  Siege Tank  
  95  7:34  Marine x2  
  95  7:35  Marine  
  101  7:40  Marine  
  101  7:41  Marine  
  103  7:48  Barracks  
  103  7:49  Barracks, Liberator x2  
  108  7:52  Marine x2  
  108  7:53  Marine  
  108  7:58  Marine x2  
  112  8:00  Supply Depot  
  112  8:02  Supply Depot  
  113  8:12  Marine  
  114  8:13  Marine x2  
  114  8:19  Marine  
  116  8:21  Siege Tank  
  116  8:23  Marine  
  121  8:30  Marine  
  121  8:33  Marine x2  
  122  8:40  Marine  
  118  8:41  Marine  
  118  8:42  Barracks Reactor x2  
  118  8:48  Marine  
  120  8:51  Reaper, Marine  
  122  8:58  Marine  
  122  9:00  Marine  
  124  9:05  Siege Tank  
  124  9:06  Marine  
  124  9:09  Marine  
  129  9:10  Liberator  
  129  9:16  Marine  
  128  9:18  Liberator, Marine  
  128  9:23  Marine x2  
  128  9:25  Marine  
  128  9:30  Marine  
  121  9:31  Marine  
  121  9:32  Marine  
  121  9:38  Siege Tank, Marine  
  122  9:39  Marine x2  
  122  9:41  Marine x2  
  122  9:43  Marine  
  128  9:48  Marine  
  128  9:49  Marine  
  128  9:50  Marine  
  100  9:56  Marine x3  
  100  9:59  Marine x2  
  98  10:01  Marine  
  98  10:06  Marine  
  100  10:07  Marine  
  100  10:08  Marine  
Tags
 
Add a new tag
Caveats
  • Supply blocks, unpowered buildings, or Contaminate may cause inaccurate times.
  • Supply counts are checked every 10 seconds.